 Dungeon Crawl Stone Soup version 0.28.0-43-g3370ac3207 (webtiles) character file.

Game seed: 12281328518435317729

80 Orthodox the Poker (level 4, -2/37 HPs)
             Began as a Merfolk Gladiator on Mar 19, 2022.
             Slain by Natasha (4 damage)
             ... on level 2 of the Dungeon.
             The game lasted 00:03:58 (1430 turns).

Orthodox the Poker (Merfolk Gladiator)              Turns: 1430, Time: 00:03:59

Health: -2/37      AC:  6    Str: 16    XL:     4   Next: 39%
Magic:  4/4        EV: 12    Int:  7    God:
Gold:   53         SH:  0    Dex: 15    Spells: 3/3 levels left

rFire   . . .      SeeInvis .   a - +0 trident
rCold   . . .      Faith    .   (no shield)
rNeg    . . .      Spirit   .   e - +0 ring mail
rPois   .          Reflect  .   c - +0 helmet
rElec   .          Harm     .   (no cloak)
rCorr   .          Rampage  .   (no gloves)
Will    .....                   (no boots)
Stlth   +.........              (no amulet)
HPRegen 0.12/turn               (no ring)
MPRegen 0.09/turn               (no ring)

@: no status effects
A: (nimble swimmer 2), mertail
a: no special abilities


You were on level 2 of the Dungeon.
You visited 1 branch of the dungeon, and saw 2 of its levels.

You collected 53 gold pieces.

Inventory:

Hand Weapons
 a - a +0 trident (weapon)
Missiles
 d - 3 throwing nets (quivered) {!f}
Armour
 b - a +0 leather armour
 c - a +0 helmet (worn)
 e - a +0 ring mail (worn)
Scrolls
 f - a scroll of amnesia {unknown}
 g - a scroll of identify {unknown}


   Skills:
 + Level 3.8 Fighting
 + Level 6.0 Polearms
 - Level 2.0 Throwing
 - Level 4.0 Dodging


You had 3 spell levels left.
You didn't know any spells.
Your spell library was empty.

Dungeon Overview and Level Annotations

Branches:
Dungeon (2/15)

Altars:

Annotations:
D:2 Natasha


Innate Abilities, Weirdness & Mutations

((You are very nimble when in or above water. (Stealth+, EV+, Speed+++)))
Your lower body shifts to a powerful aquatic tail in water.


Message History

You feel sick. Natasha claws you but does no damage.
You take 1 damage, and have 18/37 hp.
You puncture Natasha!
Natasha is heavily wounded.
You feel sick. Natasha claws you.
You take 6 damage, and have 12/37 hp.
You closely miss Natasha.
Natasha is heavily wounded.
You feel sick.
The shadow imp disappears in a puff of smoke!
Natasha closely misses you.
Natasha casts a spell.
The crimson imp blinks!
You take 1 damage, and have 11/37 hp.
You barely miss Natasha.
Natasha is heavily wounded.
You feel sick.
You are no longer poisoned.
Natasha mumbles some strange words.
You feel disoriented. Natasha claws you!
* * * LOW HITPOINT WARNING * * *
The shadow imp hits you but does no damage.
You take 9 damage, and have 2/37 hp.
MASSIVE DAMAGE!!
Unknown command.
You completely miss Natasha.
Natasha is heavily wounded.
You feel yourself speed up.
The white imp disappears in a puff of smoke!
Natasha closely misses you. The shadow imp misses you.
Natasha claws you but does no damage.
The shadow imp shouts, "Decamp, thou goatish guts-griping dingleberry!"
The shadow imp gestures at you.
You barely resist.
Unknown command.
Unknown command.
You hit Natasha.
Natasha is almost dead.
Natasha claws you.
You die...

#. #. ##### # #.
##...## # #S
##.....## # #h
#.......# # #.
#.>.....### #.###
#.......#..
#...####
##......†..
#.#gh@5###
#.......#..
#.####...#
#.......### #.
###.###.......##.
#g
#..............
#.
#...........#.#
#.
#..............
#.
#..............
#..............
#..............


You could see Natasha, a shadow imp (summoned) and a goblin.

Vanquished Creatures
  A hound (D:2)
  An adder (D:2)
  2 worms
  2 dart slugs (D:1)
  7 ball pythons
  3 bats
  2 endoplasms (D:1)
  3 goblins (D:1)
  2 hobgoblins
  3 quokkas
  6 frilled lizards
  A kobold (D:1)
  A rat (D:1)
34 creatures vanquished.

Notes
Turn   | Place    | Note
-------+----------+-------------------------------------------
     0 | D:1      | Orthodox the Merfolk Gladiator began the quest for the Orb.
     0 | D:1      | Reached XP level 1. HP: 16/16 MP: 1/1
   214 | D:1      | Reached XP level 2. HP: 23/23 MP: 2/2
   419 | D:1      | Reached skill level 5 in Polearms
   800 | D:1      | Reached XP level 3. HP: 29/29 MP: 3/3
  1244 | D:2      | Reached skill level 6 in Polearms
  1244 | D:2      | Reached XP level 4. HP: 21/37 MP: 4/4
  1400 | D:2      | Noticed Natasha
  1430 | D:2      | Slain by Natasha

Illustrated notes

Levels and vault maps discovered:
D:1:      dpeg_arrival_lava_temple_mockup, layout_basic
D:2:      layout_rooms, basic_altar, uniq_natasha

Skill      XL: |  1  2  3 |
---------------+----------+-----
Polearms       | 5 6 |  6.0
Fighting       | 3 |  3.8
Throwing       | |  2.0
Dodging        | |  4.0

Action                   |  1- 3 |  4- 6 || total
-------------------------+-------+-------++-------
Melee: Trident           |   114 |    26 ||   140
       Punch             |     2 |       ||     2
  Use: Potion            |       |     1 ||     1
Armor: Leather armour    |     3 |       ||     3
       Ring mail         |    28 |    11 ||    39
Dodge: Dodged            |    55 |    30 ||    85
